 Dungeon Crawl Stone Soup version 0.21-a0-584-g185da8e (webtiles) character file.

293 sithsevirus the Skirmisher (level 6, 0/53 HPs)
             Began as a Draconian Berserker on Dec 21, 2017.
             Was a Believer of Trog.
             Slain by Edmund
             ... wielding a +0 flail of holy wrath
              (4 damage)
             ... on level 4 of the Dungeon.
             The game lasted 00:24:07 (3402 turns).

sithsevirus the Skirmisher (Draconian Berserker)    Turns: 3402, Time: 00:24:08

Health: 0/53       AC:  7    Str: 19    XL:     6   Next: 11%
Magic:  6/6        EV: 13    Int:  8    God:    Trog [**....]
Gold:   137        SH:  0    Dex: 12    Spells: 5/5 levels left

rFire    . . .     SeeInvis .   x - +2 spear (flame)
rCold    . . .     Gourm    .   (no shield)
rNeg     . . .     Faith    .   (armour unavailable)
rPois    .         Spirit   .   (helmet restricted)
rElec    .         Reflect  .   (no cloak)
rCorr    .         Harm     .   g - +0 pair of gloves
MR       .....                  (no boots)
Stlth    ++........             (no amulet)
HPRegen  0.17/turn              c - ring of stealth
MPRegen  0.10/turn              (no ring)

@: no status effects
A: unfitting armour, cold-blooded, AC +6
a: Berserk, Trog's Hand, Burn Spellbooks, Renounce Religion


You were on level 4 of the Dungeon.
You worshipped Trog.
Trog was pleased with you.
You were not hungry.

You visited 1 branch of the dungeon, and saw 4 of its levels.

You collected 137 gold pieces.

Inventory:

Hand Weapons
 w - a +0 hunting sling
 x - a +2 spear of flaming (weapon)
Missiles
 h - 52 stones (quivered)
 m - 16 sling bullets
 y - 2 throwing nets
Armour
 g - a +0 pair of gloves (worn)
Jewellery
 c - a ring of stealth (left hand)
Scrolls
 e - a scroll of enchant weapon
 k - a scroll of immolation {unknown}
 n - a scroll of enchant armour {unknown}
 p - 2 scrolls of remove curse
 s - a scroll of magic mapping {unknown}
 v - a scroll of identify
 z - a scroll of blinking {unknown}
Potions
 d - 2 potions of curing
 f - a potion of lignification {unknown}
 i - a potion of resistance {unknown}
 l - 2 potions of brilliance
 o - 2 potions of agility
 q - a potion of mutation {unknown}
 r - 2 potions of heal wounds
 t - a potion of degeneration {unknown}
 u - a potion of might {unknown}
 A - a potion of cancellation {unknown}
Comestibles
 b - 5 rations


   Skills:
 + Level 4.7 Fighting
   Level 4.5(4.8) Axes
 * Level 2.2(3.7) Polearms
 + Level 3.9 Dodging


You had 5 spell levels left.
You didn't know any spells.

Dungeon Overview and Level Annotations

Branches:
Dungeon (4/15)
 Temple: D:4-7

Altars:

Annotations:
D:3 exclusion: downstairs
D:4 Edmund


Innate Abilities, Weirdness & Mutations

Your plain brown scales are hard. (AC +6)
You cannot fit into any form of body armour.
You are cold-blooded and may be slowed by cold attacks.


Message History

Edmund hits you with a flail of holy wrath!
You hit Edmund but do no damage.
Edmund is lightly wounded.
Edmund hits you with a flail of holy wrath.
You hit Edmund. You burn Edmund.
Edmund is moderately wounded.
Edmund barely misses you.
You hit Edmund but do no damage.
Edmund is moderately wounded.
Edmund hits you with a flail of holy wrath!
You hit Edmund but do no damage.
Edmund is moderately wounded.
Edmund hits you with a flail of holy wrath!
* * * LOW HITPOINT WARNING * * *
Edmund hits you but does no damage.
Unknown command.
You're too hungry.
You eat one of the 6 rations.
That ration really hit the spot!
Edmund hits you with a flail of holy wrath.
You die...

############...>.#
#................#
#.##############.#
#.# #>. #.# ###
#.# # #.# # #.#
#@# #@########
##........#
#..######..
#......# #......#
#......# #.......#
#.......#


You could see Edmund (berserk).

Vanquished Creatures
  A scorpion (D:4)
  2 orc wizards (D:4)
  A centaur skeleton (D:4)
  3 gnolls (D:3)
  6 adders
  2 worms (D:2)
  2 dart slugs
  3 leopard geckos
  3 orcs
  4 giant cockroaches
  4 goblins
  5 hobgoblins
  6 jackals
  2 quokkas (D:3)
  A ball python (D:1)
  6 bats
  2 frilled lizards (D:1)
  6 kobolds
  12 rats
71 creatures vanquished.

Notes
Turn   | Place    | Note
-------+----------+-------------------------------------------
     0 | D:1      | sithsevirus the Draconian Berserker began the quest for the Orb.
     0 | D:1      | Reached XP level 1. HP: 19/19 MP: 1/1
   222 | D:1      | Reached XP level 2. HP: 23/26 MP: 2/2
   891 | D:2      | Reached XP level 3. HP: 33/33 MP: 3/3
   927 | D:2      | Reached ** piety under Trog
  1524 | D:2      | Reached XP level 4. HP: 35/40 MP: 4/4
  2166 | D:3      | Reached XP level 5. HP: 30/46 MP: 5/5
  2942 | D:4      | Noticed an ogre
  2964 | D:4      | Reached skill level 1 in Polearms
  3360 | D:4      | Reached XP level 6. HP: 48/53 MP: 6/6
  3390 | D:4      | Noticed Edmund
  3402 | D:4      | Slain by Edmund

Vault maps used:
D:1:      minmay_arrival_three_doors, minmay_rat_gold_closets
D:4:      grunt_temple_overflow_holy_war, nicolae_ashenzari_panopticon,
          lemuel_round_altar, nicolae_overflow_hidden_temple, serial_shops,
          shop, uniq_edmund

Skill      XL: |  1  2  3  4  5 |
---------------+----------------+-----
Dodging        | 3 |  3.9
Fighting       | 4 |  4.7
Axes           | 4 |  4.5
Polearms       | 2 |  2.2

Action                   |  1- 3 |  4- 6 || total
-------------------------+-------+-------++-------
Melee: Hand axe          |   101 |    76 ||   177
       Tailslap          |     9 |    15 ||    24
       Spear             |       |    62 ||    62
Throw: Stone             |    47 |     1 ||    48
Invok: Berserk           |     1 |     1 ||     2
  Use: Scroll            |       |     7 ||     7
 Stab: Sleeping          |     2 |     1 ||     3
  Eat: Chunk             |     3 |     5 ||     8
       Ration            |       |     1 ||     1
Armor: Skin              |    35 |    38 ||    73
Dodge: Dodged            |    65 |    84 ||   149

Table legend:
 A = Spawn XP
 B = Non-spawn XP
 C = Spawn XP percentage of total XP
 D = Spawn monster count
 E = Non-spawn monster count
 F = Spawn count percentage of total count
 G = Total turns spent on level
                    A         B        C        D         E        F      G
               +---------+---------+-------+---------+---------+-------+---------
         Total |       0 |     419 |   0.0 |       0 |      71 |   0.0 |  3402
               +---------+---------+-------+---------+---------+-------+---------
           D:1 |       0 |      38 |   0.0 |       0 |      26 |   0.0 |   879
           D:2 |       0 |      73 |   0.0 |       0 |      13 |   0.0 |   887
           D:3 |       0 |     106 |   0.0 |       0 |      22 |   0.0 |  1276
           D:4 |       0 |     202 |   0.0 |       0 |      10 |   0.0 |   360
               +---------+---------+-------+---------+---------+-------+---------
